 Dungeon Crawl Stone Soup version 0.21.1-1-g345015fe64 (webtiles) character file.

209 Kohma the Spear-Bearer (level 5, -1/38 HPs)
             Began as a Merfolk Gladiator on June 9, 2018.
             Slain by an orc (3 damage)
             ... on level 3 of the Dungeon.
             The game lasted 00:11:29 (2948 turns).

Kohma the Spear-Bearer (Merfolk Gladiator)          Turns: 2948, Time: 00:11:30

Health: -1/38      AC:  4    Str: 15    XL:     5   Next: 87%
Magic:  5/5        EV: 14    Int:  7    God:
Gold:   187        SH:  0    Dex: 16    Spells: 4/4 levels left

rFire    . . .     SeeInvis .   a - +0 trident
rCold    . . .     Gourm    .   (no shield)
rNeg     . . .     Faith    .   b - +0 leather armour (curse)
rPois    .         Spirit   .   c - +0 helmet
rElec    .         Reflect  .   (no cloak)
rCorr    .         Harm     .   (no gloves)
MR       .....                  (no boots)
Stlth    +.........             (no amulet)
HPRegen  0.12/turn              (no ring)
MPRegen  0.09/turn              (no ring)

@: lethally poisoned (-1 -> -11)
A: change form in water, swift swim, stealthy swim
a: no special abilities


You were on level 3 of the Dungeon.
You were not hungry.

You visited 1 branch of the dungeon, and saw 4 of its levels.

You collected 187 gold pieces.

Inventory:

Hand Weapons
 a - a +0 trident (weapon)
 m - a +0 short sword of venom
Missiles
 d - 3 throwing nets (quivered)
 r - 8 javelins
Armour
 b - a cursed +0 leather armour (worn)
 c - a +0 helmet (worn)
 t - a +0 leather armour
Wands
 g - a wand of disintegration (16)
Scrolls
 j - a scroll of enchant weapon
 o - a scroll of immolation
 s - a scroll of amnesia
Potions
 e - a potion of curing
 h - 2 potions of heal wounds
 i - 2 potions of flight
 k - a potion of lignification
 l - a potion of might
Comestibles
 f - 5 rations


   Skills:
 - Level 2.1 Fighting
 * Level 9.2 Polearms
 - Level 2.0 Throwing
 - Level 4.0 Dodging


You had 4 spell levels left.
You didn't know any spells.

Dungeon Overview and Level Annotations

Branches:
Dungeon (4/15)
 Temple: D:4-7

Altars:
Elyvilon

Annotations:
D:2 1 runed door


Message History

You feel sick. The hobgoblin barely misses you. The orc wizard misses you.
The adder closely misses you.
You closely miss the orc wizard.
The orc wizard is heavily wounded.
The orc barely misses you.
The orc priest mumbles some strange prayers to Beogh against you.
Pain shoots through your body!
* * * LOW HITPOINT WARNING * * *
The adder closely misses you.
The orc wizard hits you but does no damage.
You are lethally poisoned!
You barely miss the orc wizard.
The orc wizard is heavily wounded.
* * * LOW HITPOINT WARNING * * *
You feel sick. The adder closely misses you.
The orc priest mumbles some strange prayers to Beogh against you.
Pain shoots through your body!
* * * LOW HITPOINT WARNING * * *
The orc hits you.
You die...

###### #.....# #
.......## #
.....$S.# #
.....gW@#### #
.....Jooo..### #
.......S##...### #
........####...#####
# ......(.#
###..(..#####
.......##
#####...... #.....#
######. #.#### ## #


You could see a phantom, an orc priest, an orc wizard, an ooze, 2 adders, an orc
and a hobgoblin.

Vanquished Creatures
  Jessica (D:2)
  12 adders
  2 worms (D:2)
  2 dart slugs (D:1)
  A leopard gecko (D:1)
  A ball python (D:1)
  2 giant cockroaches (D:3)
  10 goblins
  6 hobgoblins
  9 jackals
  6 kobolds
  6 bats
  8 frilled lizards
  4 rats (D:1)
70 creatures vanquished.

Vanquished Creatures (others)
  A ball python (D:2)
  A bat (D:3)
2 creatures vanquished.

Grand Total: 72 creatures vanquished

Notes
Turn   | Place    | Note
-------+----------+-------------------------------------------
     0 | D:1      | Kohma the Merfolk Gladiator began the quest for the Orb.
     0 | D:1      | Reached XP level 1. HP: 16/16 MP: 1/1
     2 | D:1      | Noticed a dwarf
     2 | D:1      | Noticed a troll
     4 | D:1      | Noticed a naga
     6 | D:1      | Noticed a human
     6 | D:1      | Noticed a minotaur
     8 | D:1      | Noticed a vampire
    10 | D:1      | Noticed a vine stalker
    10 | D:1      | Noticed a gargoyle
    12 | D:1      | Noticed a felid
    12 | D:1      | Noticed a ghoul
    14 | D:1      | Noticed a formicid
    14 | D:1      | Noticed an octopode
    16 | D:1      | Noticed a demigod
    16 | D:1      | Noticed a demonspawn
    18 | D:1      | Noticed a spriggan
    18 | D:1      | Noticed an elf
    20 | D:1      | Noticed a centaur
    22 | D:1      | Noticed an ogre
    22 | D:1      | Noticed a merfolk
    24 | D:1      | Noticed a halfling
    24 | D:1      | Noticed a draconian
    26 | D:1      | Noticed a tengu
   106 | D:1      | Reached skill level 5 in Polearms
   133 | D:1      | Reached XP level 2. HP: 22/22 MP: 2/2
   167 | D:2      | Reached skill level 6 in Polearms
   167 | D:2      | Reached XP level 3. HP: 10/27 MP: 3/3
  1019 | D:1      | Reached XP level 4. HP: 33/33 MP: 4/4
  1020 | D:1      | Reached skill level 7 in Polearms
  1901 | D:2      | Noticed Jessica
  1911 | D:2      | Killed Jessica
  1911 | D:2      | Reached skill level 8 in Polearms
  1911 | D:2      | Reached XP level 5. HP: 24/38 MP: 5/5
  2242 | D:2      | Found a runed door.
  2326 | D:2      | Found a white marble altar of Elyvilon.
  2643 | D:3      | Reached skill level 9 in Polearms
  2942 | D:3      | Noticed a phantom
  2948 | D:3      | Slain by an orc

Skill      XL: |  1  2  3  4  5 |
---------------+----------------+-----
Polearms       | 5 6 8 9 |  9.2
Fighting       | |  2.1
Throwing       | |  2.0
Dodging        | |  4.0

Action                   |  1- 3 |  4- 6 || total
-------------------------+-------+-------++-------
Melee: Trident           |    94 |   143 ||   237
Throw: Throwing net      |       |     1 ||     1
  Use: Scroll            |     6 |     6 ||    12
 Stab: Sleeping          |       |     3 ||     3
  Eat: Chunk             |       |     4 ||     4
       Ration            |       |     1 ||     1
Armor: Leather armour    |    15 |    36 ||    51
Dodge: Dodged            |    44 |    99 ||   143
